 Dungeon Crawl Stone Soup version 0.17-a0-1399-gd5b76e1 (webtiles) character file.

1997 urechis the Spear-Bearer (level 9, -2/111 HPs)
             Began as a Merfolk Gladiator on June 19, 2015.
             Slain by a hill giant
             ... wielding a cursed +0 giant club
              (5 damage)
             ... on level 9 of the Dungeon.
             The game lasted 00:17:22 (6206 turns).

urechis the Spear-Bearer (Merfolk Gladiator)        Turns: 6206, Time: 00:17:22

Health: -2/111     AC: 24    Str: 15    XL:     9   Next: 21%
Magic:  9/9        EV:  2    Int:  9    God:
Gold:   376        SH:  0    Dex: 18    Spells: 0 memorised, 8 levels left

rFire  + . .     SeeInvis .     r - +1 spear (pierce)
rCold  . . .     Clarity  +     (armour currently unavailable)
rNeg   + + +     SustAt   .     (no shield)
rPois  +         Gourm    .     (helmet currently unavailable)
rElec  .         Spirit   .     (cloak currently unavailable)
rCorr  .         Warding  .     (gloves currently unavailable)
rMut   .         NoTele   +     (boots currently unavailable)
MR     .....                    (no amulet)
Stlth  ++........               g - ring of flight
                                w - ring of protection from fire

@: tree-form, not resistant to hostile enchantments, unstealthy
A: (change form in water), (swift swim), clarity, clever 1, (cold resistance 0)
a: no special abilities


You were on level 9 of the Dungeon.
You were not hungry.
You were a tree.
You visited 1 branch of the dungeon, and saw 8 of its levels.
You also visited: Sewer.

You collected 376 gold pieces.

Inventory:

Hand weapons
 r - a +1 spear of piercing (weapon)
Missiles
 n - 3 throwing nets (quivered)
Armour
 a - a troll hide {Purgy}
 b - a +0 leather armour (melded)
 c - a +1 helmet (melded)
 o - a +0 pair of gloves (melded)
 x - a +0 pair of boots (melded)
Jewellery
 g - a ring of flight (right branch)
 w - a ring of protection from fire (left branch)
Scrolls
 j - 3 scrolls of identify
 p - a scroll of remove curse
 q - a scroll of recharging
 u - 6 scrolls of magic mapping
 y - 2 scrolls of fear
Potions
 f - a potion of lignification
 h - a potion of berserk rage {unknown}
 i - a potion of flight {unknown}
Comestibles
 d - 4 bread rations
 k - a chunk of flesh
 t - 2 beef jerkies
 v - 2 meat rations


   Skills:
 * Level 8.0 Fighting
 - Level 12.0 Polearms
 - Level 2.0 Throwing
 + Level 7.5 Dodging


You had 8 spell levels left.
You didn't know any spells.

Dungeon Overview and Level Annotations

Branches:
Dungeon (10/15)
 Temple: D:4-7         Lair: D:8-11         Orc: D:9-12

Altars:
Cheibriados
Elyvilon
Kikubaaqudgha
Sif Muna
Trog
Xom
Zin

Shops:
D:10 [


Innate Abilities, Weirdness & Mutations

((You revert to your normal form in water.))
((You are very nimble and swift while swimming.))
You possess an exceptional clarity of mind.
Your mind is acute. (Int +2)
((Your flesh is cold resistant.))


Message History

You completely miss the hill giant.
The hill giant is heavily wounded.
You hit the hill giant.
The hill giant is severely wounded.
The hill giant hits you with a giant club!
* * * LOW HITPOINT WARNING * * *
You hit the hill giant but do no damage.
The hill giant is severely wounded.
You hit the hill giant.
The hill giant is severely wounded.
You puncture the hill giant!
The hill giant is almost dead.
The hill giant hits you with a giant club!
* * * LOW HITPOINT WARNING * * *
You hit the hill giant but do no damage.
The hill giant is almost dead.
You hit the hill giant.
The hill giant is almost dead.
The hill giant hits you with a giant club.
You die...

........................
.............###'#######
.......K.o...#.........#
...########..#.........#
...# #..+........# ...#
#..+........# ...#
#..#........# ...#
#..#........# ...#
#..♣.....# ...#
#...C.....# ...#
#.....###+# .....
#.....# #+### #.....#
#######


You could see a hill giant.

Vanquished Creatures
  A troll (D:9)
  Grinder (D:4)
  A hippogriff (D:9)
  A necrophage (D:10)
  Purgy (Sewer)
  A sky beast (D:5)
  2 ogres
  2 phantoms
  A big kobold (D:9)
  A scorpion (D:9)
  2 crimson imps (D:5)
  2 orc priests (D:4)
  A centaur skeleton (D:5)
  2 worker ants (D:4)
  2 hounds
  An iguana (D:9)
  6 orc wizards
  A hound skeleton (D:4)
  7 gnolls
  2 worker ant zombies (D:5)
  2 adders
  An ooze (D:3)
  3 adder skeletons
  2 worms
  13 orcs
  13 bats
  2 bat skeletons
  5 giant cockroaches
  10 goblins
  13 hobgoblins
  11 jackals
  14 kobolds
  3 quokkas
  2 ball pythons
  6 giant geckos
  2 giant newts
  8 rats
148 creatures vanquished.

Notes
Turn   | Place    | Note
--------------------------------------------------------------
     0 | D:1      | urechis the Merfolk Gladiator began the quest for the Orb.
     0 | D:1      | Reached XP level 1. HP: 16/16 MP: 1/1
   156 | D:1      | Reached skill level 5 in Polearms
   190 | D:1      | Reached XP level 2. HP: 17/22 MP: 2/2
   717 | D:2      | Reached XP level 3. HP: 12/27 MP: 3/3
   762 | D:1      | Reached skill level 6 in Polearms
  1032 | D:1      | Reached XP level 4. HP: 6/33 MP: 4/4
  1034 | D:1      | Reached skill level 7 in Polearms
  1298 | D:2      | Found a white marble altar of Elyvilon.
  1301 | D:2      | Found a bloodstained altar of Trog.
  1318 | D:2      | Found a snail-covered altar of Cheibriados.
  1576 | D:2      | Reached skill level 8 in Polearms
  1576 | D:2      | Reached XP level 5. HP: 9/38 MP: 5/5
  1946 | D:2      | You fall through a shaft!
  2549 | D:2      | Found a deep blue altar of Sif Muna.
  3501 | D:4      | Found an ancient bone altar of Kikubaaqudgha.
  3501 | D:4      | Found a shimmering altar of Xom.
  3507 | D:4      | Reached skill level 9 in Polearms
  3524 | D:4      | Reached XP level 6. HP: 40/44 MP: 6/6
  3593 | D:4      | Reached skill level 10 in Polearms
  3752 | D:4      | Noticed a phantom
  3788 | D:4      | Killed a phantom
  3788 | D:4      | Reached XP level 7. HP: 36/50 MP: 7/7
  3844 | D:4      | Noticed an ogre
  3854 | D:4      | Killed an ogre
  3854 | D:4      | Reached skill level 11 in Polearms
  4188 | D:4      | Noticed Grinder
  4188 | D:4      | Paralysed by Grinder for 4 turns
  4216 | D:4      | Paralysed by Grinder for 7 turns
  4236 | D:4      | Paralysed by Grinder for 4 turns
  4243 | D:4      | Killed Grinder
  4378 | D:4      | Found a glowing silver altar of Zin.
  4424 | D:5      | Entered Level 5 of the Dungeon
  4502 | D:5      | Reached skill level 12 in Polearms
  4502 | D:5      | Reached XP level 8. HP: 52/60 MP: 8/8
  4509 | D:5      | Reached skill level 5 in Dodging
  4588 | D:5      | Found a glowing drain.
  4632 | Sewer    | Entered a sewer
  4657 | Sewer    | Gained mutation: You possess an exceptional clarity of mind. [potion of mutation]
  4657 | Sewer    | Gained mutation: Your mind is acute. (Int +2) [potion of mutation]
  4657 | Sewer    | Gained mutation: Your flesh is cold resistant. [potion of mutation]
  4707 | Sewer    | Noticed Purgy
  4725 | Sewer    | Killed Purgy
  4725 | Sewer    | Reached skill level 5 in Fighting
  5575 | D:6      | You fall through a shaft for 3 floors!
  5790 | D:9      | Noticed a troll
  5819 | D:9      | Killed a troll
  5819 | D:9      | Reached XP level 9. HP: 46/72 MP: 9/9
  5994 | D:9      | Noticed a two-headed ogre
  6007 | D:10     | Entered Level 10 of the Dungeon
  6183 | D:10     | Found Faoreff's Armour Boutique.
  6186 | D:10     | Noticed a hill giant
  6204 | D:9      | HP: 2/111 [hill giant/giant club (17)]
  6206 | D:9      | Slain by a hill giant

Vault maps used:
D:1:      wheals_arrival_linesprint, amethyst_killhole, grunt_decor_arrowhead,
          minmay_misc_feat_encased
D:2:      lemuel_blue_sif_altar, grunt_temple_overflow_open
D:4:      zin_scriptorium, gammafunk_temple_overflow_statue, uniq_grinder
D:5:      first_bread, portal_sewer_entry_f
D:6:      serial_shops, shop_fountains, shop
D:9:      david_lair_generic
D:10:     orc_david_3, serial_shops, shop, enter_bailey_7
Sewer:    sewer_big_baddie

Action                   |  1- 3 |  4- 6 |  7- 9 || total
-------------------------+-------+-------+-------++-------
Melee: Trident           |    99 |    54 |       ||   153
       Spear             |       |   288 |   366 ||   654
Throw: Throwing net      |       |       |     3 ||     3
  Use: Potion            |       |     1 |     7 ||     8
       Scroll            |       |       |    12 ||    12
 Stab: Sleeping          |       |     1 |     6 ||     7
       Held in net/web   |       |       |     1 ||     1
  Eat: Chunk             |       |     5 |     5 ||    10
       Bread ration      |       |     1 |       ||     1
       Fruit             |       |       |     3 ||     3
